| TOP OF THE 1ST |
|
Gwinnett Braves batting - Pitching for Reno Aces : RHP Sipi Mäkitie
|
|
Pitching: RHP Sipi Mäkitie
|
|
|
Batting: RHB Nate Taylor
|
0-0: Called Strike 0-1: Foul Ball, location: 2F 0-2: Ball 1-2: Ground out 5-3 (Groundball, 5L, EV 104.4 MPH)
|
|
Batting: RHB Jeremy Giesler
|
0-0: Called Strike 0-1: Ball 1-1: Swinging Strike 1-2: Foul Ball, location: 2F 1-2: Strikes out looking
|
|
Batting: SHB Troy Kenyon
|
0-0: Ball 1-0: Ball 2-0: Foul Ball, location: 2F 2-1: Ball 3-1: Swinging Strike 3-2: Foul Ball, location: 2F 3-2: Base on Balls
|
|
Batting: RHB Muneer Maudad
|
0-0: Called Strike 0-1: Called Strike 0-2: Ball 1-2: Ball 2-2: Ball 3-2: Strikes out swinging
|
| Top of the 1st over - 0 runs, 0 hits, 0 errors, 1 left on base; Gwinnett 0 - Reno 0 |
| BOTTOM OF THE 1ST |
|
Reno Aces batting - Pitching for Gwinnett Braves : LHP Brian Gregory
|
|
Pitching: LHP Brian Gregory
|
|
|
Batting: LHB Willie Gutierrez
|
0-0: Called Strike 0-1: Swinging Strike 0-2: Fly out, F7 (Flyball, 7LM, EV 99.4 MPH)
|
|
Batting: RHB Yutaka Oki
|
0-0: Ball 1-0: Called Strike 1-1: Called Strike 1-2: Ball 2-2: Ball 3-2: Ground out 6-3 (Groundball, 6, EV 88.8 MPH)
|
|
Batting: RHB Jesus Galvan
|
0-0: Foul Ball, location: 2F 0-1: Ball 1-1: Ball 2-1: Swinging Strike 2-2: Ball 3-2: Base on Balls
|
|
Batting: LHB Bobby Arevalo
|
0-0: Ball 1-0: Fly out, F7 (Flyball, 78M, EV 92.5 MPH)
|
| Bottom of the 1st over - 0 runs, 0 hits, 0 errors, 1 left on base; Gwinnett 0 - Reno 0 |
| TOP OF THE 2ND |
|
Gwinnett Braves batting - Pitching for Reno Aces : RHP Sipi Mäkitie
|
|
Batting: SHB Brian Bagley
|
0-0: Ball 1-0: Swinging Strike 1-1: Fly out, F9 (Flyball, 89D, EV 90.0 MPH)
|
|
Batting: LHB Chad Persaud
|
0-0: Called Strike 0-1: Swinging Strike 0-2: DOUBLE (Line Drive, 7LM, EV 101.9 MPH)
|
|
Batting: LHB Mark Buchholz
|
0-0: Called Strike Chad Persaud is caught stealing 3rd base 2-5 0-1: Foul Ball, location: 2F 0-2: Ball 1-2: Ball 2-2: DOUBLE (Line Drive, 78D, EV 106.9 MPH)
|
|
Batting: RHB Jesse Lester
|
0-0: Fly out, F8 (Flyball, 8RM, EV 95.0 MPH)
|
| Top of the 2nd over - 0 runs, 2 hits, 0 errors, 1 left on base; Gwinnett 0 - Reno 0 |
| BOTTOM OF THE 2ND |
|
Reno Aces batting - Pitching for Gwinnett Braves : LHP Brian Gregory
|
|
Batting: RHB Enrique Juarez
|
0-0: Ball 1-0: Ball 2-0: Ball 3-0: Called Strike 3-1: Called Strike 3-2: Base on Balls
|
|
Batting: LHB Ian Jarvis
|
0-0: Ball 1-0: Foul Ball, location: 2F 1-1: Ball 2-1: Foul Ball, location: 2F 2-2: Grounds into double play, 4-6-3 (Groundball, 4, EV 85.6 MPH)
|
|
Batting: RHB Justin Aslinger
|
0-0: Ball 1-0: Foul Ball, location: 2F 1-1: Swinging Strike 1-2: Strikes out swinging
|
| Bottom of the 2nd over - 0 runs, 0 hits, 0 errors, 0 left on base; Gwinnett 0 - Reno 0 |
| TOP OF THE 3RD |
|
Gwinnett Braves batting - Pitching for Reno Aces : RHP Sipi Mäkitie
|
|
Batting: RHB Riley Nasiir
|
0-0: Called Strike 0-1: Ground out 6-3 (Groundball, 6MD, EV 88.8 MPH)
|
|
Batting: RHB Nate Taylor
|
0-0: Ball 1-0: Ball 2-0: SINGLE (Line Drive, 4D, EV 96.2 MPH)
|
|
Batting: RHB Jeremy Giesler
|
0-0: Called Strike Nate Taylor steals 2nd base 0-1: Ball 1-1: Ground out 5-3 (Groundball, 56S, EV 83.8 MPH)
|
|
Batting: SHB Troy Kenyon
|
0-0: Called Strike 0-1: Ground out U3 (Groundball, 3, EV 86.9 MPH)
|
| Top of the 3rd over - 0 runs, 1 hit, 0 errors, 1 left on base; Gwinnett 0 - Reno 0 |
| BOTTOM OF THE 3RD |
|
Reno Aces batting - Pitching for Gwinnett Braves : LHP Brian Gregory
|
|
Batting: RHB Danny Gerardo
|
0-0: Called Strike 0-1: Ball 1-1: Swinging Strike 1-2: Ball 2-2: Ball 3-2: Base on Balls
|
|
Batting: RHB Jonathan Lugo
|
0-0: Called Strike 0-1: Ball 1-1: Foul Ball, location: 2F 1-2: Ball 2-2: Foul Ball, location: 2F 2-2: Strikes out swinging
|
|
Batting: LHB Willie Gutierrez
|
0-0: Called Strike 0-1: Ball 1-1: Ball 2-1: Ball 3-1: Base on Balls Danny Gerardo to second
|
|
Batting: RHB Yutaka Oki
|
0-0: Ball 1-0: Grounds into double play, 6-4-3 (Groundball, 6, EV 81.2 MPH)
|
| Bottom of the 3rd over - 0 runs, 0 hits, 0 errors, 1 left on base; Gwinnett 0 - Reno 0 |
| TOP OF THE 4TH |
|
Gwinnett Braves batting - Pitching for Reno Aces : RHP Sipi Mäkitie
|
|
Batting: RHB Muneer Maudad
|
0-0: Called Strike 0-1: Ball 1-1: Ball 2-1: Ball 3-1: Swinging Strike 3-2: Strikes out swinging
|
|
Batting: SHB Brian Bagley
|
0-0: Foul Ball, location: 2F 0-1: Foul Ball, location: 2F 0-2: Ball 1-2: Strikes out swinging
|
|
Batting: LHB Chad Persaud
|
0-0: Ball 1-0: Called Strike 1-1: Ground out 6-3 (Groundball, 6, EV 87.5 MPH)
|
| Top of the 4th over - 0 runs, 0 hits, 0 errors, 0 left on base; Gwinnett 0 - Reno 0 |
| BOTTOM OF THE 4TH |
|
Reno Aces batting - Pitching for Gwinnett Braves : LHP Brian Gregory
|
|
Batting: RHB Jesus Galvan
|
0-0: Called Strike 0-1: Swinging Strike 0-2: Strikes out swinging
|
|
Batting: LHB Bobby Arevalo
|
0-0: Called Strike 0-1: Swinging Strike 0-2: Ball 1-2: Ball 2-2: Fly out, F8 (Flyball, 8RM, EV 81.2 MPH)
|
|
Batting: RHB Enrique Juarez
|
0-0: Fly out, F4 (Popup, 23, EV 84.4 MPH)
|
| Bottom of the 4th over - 0 runs, 0 hits, 0 errors, 0 left on base; Gwinnett 0 - Reno 0 |
| TOP OF THE 5TH |
|
Gwinnett Braves batting - Pitching for Reno Aces : RHP Sipi Mäkitie
|
|
Batting: LHB Mark Buchholz
|
0-0: Ball 1-0: Ball 2-0: Ball 3-0: Called Strike 3-1: Base on Balls
|
|
Batting: RHB Jesse Lester
|
0-0: Ball 1-0: Foul Ball, location: 2F 1-1: Grounds into double play, 1-6-3 (Groundball, 13S, EV 65.6 MPH)
|
|
Batting: RHB Riley Nasiir
|
0-0: Reached on error, E6 (Groundball, 6, EV 81.2 MPH)
|
|
Batting: RHB Nate Taylor
|
0-0: Ball 1-0: Called Strike 1-1: Swinging Strike 1-2: Foul Ball, location: 2F 1-2: Ground out 6-3 (Groundball, 6, EV 100.0 MPH)
|
| Top of the 5th over - 0 runs, 0 hits, 1 error, 1 left on base; Gwinnett 0 - Reno 0 |
| BOTTOM OF THE 5TH |
|
Reno Aces batting - Pitching for Gwinnett Braves : LHP Brian Gregory
|
|
Batting: LHB Ian Jarvis
|
0-0: Ball 1-0: Ball 2-0: Foul Ball, location: 2F 2-1: Foul Ball, location: 2F 2-2: Ball 3-2: SOLO HOME RUN (Flyball, 9D, EV 101.9 MPH), Distance : 412 ft
|
|
Batting: RHB Justin Aslinger
|
0-0: Ball 1-0: Ball 2-0: Ball 3-0: Called Strike 3-1: Swinging Strike 3-2: Strikes out swinging
|
|
Batting: RHB Danny Gerardo
|
0-0: SINGLE (Flyball, 8LS, EV 83.8 MPH)
|
|
Batting: RHB Jonathan Lugo
|
0-0: Fielders Choice at 2nd, 6-4 (Groundball, 6, EV 88.8 MPH)
|
|
Batting: LHB Willie Gutierrez
|
0-0: Called Strike 0-1: Called Strike 0-2: Ball 1-2: SINGLE (Groundball, 56D, EV 106.9 MPH) Jonathan Lugo to second
|
|
Batting: RHB Yutaka Oki
|
0-0: Ball 1-0: Foul Ball, location: 2F 1-1: Ball 2-1: Ball 3-1: Foul Ball, location: 2F 3-2: Strikes out swinging
|
| Bottom of the 5th over - 1 run, 3 hits, 0 errors, 2 left on base; Gwinnett 0 - Reno 1 |
| TOP OF THE 6TH |
|
Gwinnett Braves batting - Pitching for Reno Aces : RHP Sipi Mäkitie
|
|
Batting: RHB Jeremy Giesler
|
0-0: Called Strike 0-1: Ball 1-1: Bunt for hit to 2R - play at first, batter OUT! 2-3
|
|
Batting: SHB Troy Kenyon
|
0-0: Fly out, F6 (Popup, 6D, EV 67.5 MPH)
|
|
Batting: RHB Muneer Maudad
|
0-0: Called Strike 0-1: Foul Ball, location: 2F 0-2: Hit by Pitch
|
|
Batting: SHB Brian Bagley
|
0-0: Ball Passed Ball! Muneer Maudad to second 1-0: Ball 2-0: Called Strike 2-1: Foul Ball, location: 2F 2-2: Ball 3-2: Base on Balls
|
|
Batting: LHB Chad Persaud
|
0-0: Ball 1-0: SINGLE (Groundball, 6MD, EV 103.1 MPH) Muneer Maudad to third Brian Bagley to second Runner from 3rd tries for Home, SAFE, throw by CF to home
|
|
Batting: LHB Mark Buchholz
|
0-0: Ball 1-0: Ball 2-0: Foul Ball, location: 2F 2-1: Ball 3-1: SINGLE (Line Drive, 89S, EV 100.6 MPH) Brian Bagley to third Chad Persaud to second
|
|
Batting: RHB Jesse Lester
|
0-0: Ball 1-0: Called Strike 1-1: Called Strike 1-2: Strikes out swinging
|
| Top of the 6th over - 1 run, 2 hits, 0 errors, 3 left on base; Gwinnett 1 - Reno 1 |
| BOTTOM OF THE 6TH |
|
Reno Aces batting - Pitching for Gwinnett Braves : LHP Brian Gregory
|
|
Batting: RHB Jesus Galvan
|
0-0: Called Strike 0-1: Ball 1-1: SINGLE (Groundball, 4MD, EV 98.8 MPH)
|
|
Batting: LHB Bobby Arevalo
|
0-0: Called Strike Jesus Galvan steals 2nd base 0-1: Ball 1-1: Ball 2-1: Ball 3-1: SINGLE (Groundball, 4MS, EV 63.8 MPH) (infield hit) Jesus Galvan to third
|
|
Batting: RHB Enrique Juarez
|
0-0: Ball 1-0: SINGLE (Groundball, 56, EV 95.6 MPH) Jesus Galvan scores Bobby Arevalo to second Runner from 2nd tries for 3rd, SAFE, throw by LF made to third
|
|
Batting: LHB Ian Jarvis
|
0-0: Ball 1-0: Foul Ball, location: 2F 1-1: Foul Ball, location: 2F 1-2: Ball 2-2: Ball 3-2: SINGLE (Line Drive, 8LS, EV 93.8 MPH) Bobby Arevalo scores Enrique Juarez to second Runner from 2nd tries for 3rd, OUT! 8-5
|
|
Batting: RHB Justin Aslinger
|
0-0: Ball 1-0: Called Strike 1-1: Swinging Strike 1-2: Ball 2-2: Fly out, F7 (Flyball, 78M, EV 89.4 MPH)
|
|
Pitching: LHP Andy Gaiser
|
|
|
Batting: RHB Danny Gerardo
|
0-0: Ball 1-0: SINGLE (Groundball, 13, EV 88.1 MPH) (infield hit) Ian Jarvis to second
|
|
Batting: RHB Jonathan Lugo
|
0-0: Called Strike 0-1: Called Strike 0-2: Ball 1-2: Fly out, F9 (Flyball, 9LS, EV 86.2 MPH)
|
| Bottom of the 6th over - 2 runs, 5 hits, 0 errors, 2 left on base; Gwinnett 1 - Reno 3 |
| TOP OF THE 7TH |
|
Gwinnett Braves batting - Pitching for Reno Aces : RHP Sipi Mäkitie
|
|
Batting: RHB Riley Nasiir
|
0-0: Ball 1-0: SINGLE (Groundball, 25, EV 68.1 MPH) (infield hit)
|
|
Batting: RHB Nate Taylor
|
0-0: Ball 1-0: Called Strike 1-1: Ball 2-1: Called Strike Riley Nasiir is caught stealing 2nd base 2-4 2-2: Ball 3-2: Strikes out swinging
|
|
Batting: RHB Jeremy Giesler
|
0-0: Swinging Strike 0-1: Ball 1-1: Ball 2-1: Foul Ball, location: 2F 2-2: SINGLE (Groundball, 6MD, EV 111.2 MPH)
|
|
Pitching: RHP Jason Hammons
|
|
|
Batting: SHB Troy Kenyon
|
0-0: Called Strike 0-1: Called Strike 0-2: Ball 1-2: Strikes out looking
|
| Top of the 7th over - 0 runs, 2 hits, 0 errors, 1 left on base; Gwinnett 1 - Reno 3 |
| BOTTOM OF THE 7TH |
|
Reno Aces batting - Pitching for Gwinnett Braves : LHP Andy Gaiser
|
|
Batting: LHB Willie Gutierrez
|
0-0: Ball 1-0: Called Strike 1-1: Called Strike 1-2: Strikes out looking
|
|
Batting: RHB Yutaka Oki
|
0-0: Called Strike 0-1: Ball 1-1: SINGLE (Groundball, 56D, EV 96.9 MPH)
|
|
Batting: RHB Jesus Galvan
|
0-0: Ball 1-0: Called Strike 1-1: Ball 2-1: Called Strike 2-2: Foul Ball, location: 2F 2-2: Ball 3-2: Foul Ball, location: 2F 3-2: Grounds into double play, 4-6-3 (Groundball, 4, EV 94.4 MPH)
|
| Bottom of the 7th over - 0 runs, 1 hit, 0 errors, 0 left on base; Gwinnett 1 - Reno 3 |
| TOP OF THE 8TH |
|
Gwinnett Braves batting - Pitching for Reno Aces : RHP Jason Hammons
|
|
Batting: RHB Muneer Maudad
|
0-0: Ball 1-0: Ball 2-0: Ball 3-0: Called Strike 3-1: Base on Balls
|
|
Batting: SHB Brian Bagley
|
0-0: SINGLE (Groundball, 2R, EV 60.6 MPH) (infield hit) Muneer Maudad to second
|
|
Batting: LHB Chad Persaud
|
0-0: Fielders Choice at 2nd, 6-4 (Groundball, 6, EV 91.9 MPH) Muneer Maudad to third
|
|
Batting: LHB Mark Buchholz
|
0-0: Swinging Strike 0-1: Ball 1-1: Ball 2-1: Called Strike 2-2: Strikes out swinging
|
|
Pinch Hitting: SHB Bob Morales
|
0-0: Ball 1-0: Ball 2-0: Called Strike 2-1: Ball 3-1: Called Strike 3-2: Strikes out looking
|
| Top of the 8th over - 0 runs, 1 hit, 0 errors, 2 left on base; Gwinnett 1 - Reno 3 |
| BOTTOM OF THE 8TH |
|
Reno Aces batting - Pitching for Gwinnett Braves : LHP Andy Gaiser
|
|
Pitching: RHP Larry Stegall
|
|
|
Now at 3B: Mike Manchester
|
|
|
Batting: LHB Bobby Arevalo
|
0-0: Ball 1-0: Ball 2-0: Called Strike 2-1: Ball 3-1: Base on Balls
|
|
Batting: RHB Enrique Juarez
|
Pickoff Throw to First - Out! 1-3 CS 0-0: Called Strike 0-1: Called Strike 0-2: Ball 1-2: Ball 2-2: Ball 3-2: Foul Ball, location: 2F 3-2: Strikes out swinging
|
|
Batting: LHB Ian Jarvis
|
0-0: Ball 1-0: Foul Ball, location: 2F 1-1: Ball 2-1: Ball 3-1: Base on Balls
|
|
Batting: RHB Justin Aslinger
|
0-0: SINGLE (Groundball, 34D, EV 98.1 MPH) Ian Jarvis to second Runner from 2nd tries for 3rd, SAFE, throw by RF made to third
|
|
Batting: RHB Danny Gerardo
|
0-0: Ball 1-0: Swinging Strike 1-1: Ball 2-1: Ball 3-1: SINGLE (Groundball, 34, EV 108.1 MPH) (infield hit) Ian Jarvis scores Justin Aslinger to second
|
|
Batting: RHB Jonathan Lugo
|
0-0: Called Strike 0-1: Ball 1-1: Ball 2-1: Fly out, F4 (Popup, 3D, EV 47.5 MPH)
|
| Bottom of the 8th over - 1 run, 2 hits, 0 errors, 2 left on base; Gwinnett 1 - Reno 4 |
| TOP OF THE 9TH |
|
Gwinnett Braves batting - Pitching for Reno Aces : RHP Jason Hammons
|
|
Pitching: RHP Mike Osgood
|
|
|
Batting: RHB Riley Nasiir
|
0-0: Swinging Strike 0-1: Called Strike 0-2: Ball 1-2: Foul Ball, location: 2F 1-2: Foul Ball, location: 2F 1-2: Strikes out looking
|
|
Batting: RHB Nate Taylor
|
0-0: Called Strike 0-1: Foul Ball, location: 2F 0-2: Strikes out swinging
|
|
Batting: RHB Jeremy Giesler
|
0-0: Called Strike 0-1: Ball 1-1: Called Strike 1-2: Ball 2-2: Ball 3-2: SINGLE (Groundball, 4D, EV 105.0 MPH)
|
|
Batting: SHB Troy Kenyon
|
0-0: SINGLE (Groundball, 15S, EV 67.5 MPH) (infield hit) Jeremy Giesler to second
|
|
Batting: RHB Muneer Maudad
|
0-0: Called Strike 0-1: Foul Ball, location: 2F 0-2: Ball 1-2: Strikes out looking
|
| Top of the 9th over - 0 runs, 2 hits, 0 errors, 2 left on base; Gwinnett 1 - Reno 4 |
|